 Dungeon Crawl Stone Soup version 0.28.0-43-g3370ac3207 (webtiles) character file.

Game seed: 8190549701489572024

79 Arcadio the Caller (level 4, -6/24 HPs)
             Began as a Tengu Summoner on Mar 10, 2022.
             Mangled by a worm (9 damage)
             ... on level 3 of the Dungeon.
             The game lasted 00:09:49 (2098 turns).

Arcadio the Caller (Tengu Summoner)                 Turns: 2098, Time: 00:09:50

Health: -6/24      AC:  9    Str:  8    XL:     4   Next: 37%
Magic:  9/9        EV: 13    Int: 24    God:
Gold:   65         SH:  0    Dex: 14    Spells: 2/8 levels left

rFire   . . .      SeeInvis .   d - +1 trident (protect)
rCold   . . .      Faith    .   (no shield)
rNeg    . . .      Spirit   .   a - +0 robe
rPois   .          Reflect  .   (helmet restricted)
rElec   .          Harm     .   (no cloak)
rCorr   .          Rampage  .   (no gloves)
Will    .....                   (boots unavailable)
Stlth   ++........              (no amulet)
HPRegen 0.08/turn               j - +6 ring of intelligence
MPRegen 0.11/turn               g - ring of wizardry

@: under a protective aura
A: beak, talons 3
a: no special abilities


You were on level 3 of the Dungeon.
You visited 1 branch of the dungeon, and saw 3 of its levels.

You collected 65 gold pieces.

Inventory:

Hand Weapons
 c - a +1 whip
 d - a +1 trident of protection (weapon)
Armour
 a - a +0 robe (worn)
Jewellery
 f - a ring of willpower
 g - a ring of wizardry (right hand)
 j - a +6 ring of intelligence (left hand)
Scrolls
 h - a scroll of magic mapping {unknown}
 i - a scroll of enchant armour {unknown}
 k - a scroll of identify
Potions
 b - 2 potions of curing
 e - 2 potions of lignification {unknown}


   Skills:
 + Level 3.3 Dodging
 - Level 2.0 Stealth
 + Level 2.8 Spellcasting
 + Level 5.6 Summonings


You had 2 spell levels left.
You knew the following spells:

 Your Spells              Type           Power      Damage    Failure   Level
a - Summon Small Mammal   Summ           100%       N/A       1%          1
b - Call Imp              Summ           30%        N/A       1%          2
c - Call Canine Familiar  Summ           30%        N/A       1%          3

Your spell library contained the following spells:

 Spells                   Type           Power      Damage    Failure   Level
 Corpse Rot               Necr/Air       6%         N/A       7%          2
 Summon Guardian Golem    Hex/Summ       16%        N/A       4%          3
 Summon Lightning Spire   Summ/Air       16%        N/A       14%         4
 Dispel Undead            Necr           3%         3d7       38%         4
 Death Channel            Necr           1%         N/A       99%         6


Dungeon Overview and Level Annotations

Branches:
Dungeon (3/15)

Altars:

Annotations:
D:3 1 runed translucent door, Crazy Yiuf


Innate Abilities, Weirdness & Mutations

You have a beak for a mouth.
You have claws for feet.


Message History

You open the door.
Found 6 poisoned darts.
There is an open door here.
You see here 6 poisoned darts.
An orc priest and an orc come into view.
An orc wizard comes into view. It is wielding a +0 dagger.
The orc priest shouts!
You hear a shout!
An orc comes into view. It is wielding a +0 mace.
An orc comes into view. It is wielding a +0 flail.
The orc wizard gestures at you while chanting.
You resist with some effort.
The orc shouts!
The orc shouts! x2
A quokka comes into view.
Casting: Call Canine Familiar (safe; 1% risk of failure)
Confirm with . or Enter, or press ? or * to list all spells.
Your hound barely misses the orc.
The orc closely misses your hound.
The orc wizard mumbles some strange words.
The orc wizard flickers and vanishes!
Deactivating autopickup; reactivate with Ctrl-A.
The orc priest calls down the wrath of Beogh upon you.
Beogh smites you!
Ouch! That really hurt!
Your hound bites the orc but does no damage.
The orc barely misses your hound.
Your hound closely misses the orc.
Your hound bites the orc.
The orc barely misses your hound.
You see here 6 poisoned darts.
Your hound closely misses the orc.
The orc priest invokes the aid of Beogh against you.
Beogh smites you!
* * * LOW HITPOINT WARNING * * *
Your hound barely misses the orc.
Your hound bites the orc but does no damage.
An orc opens the door.
A worm comes into view.
The helpless worm fails to defend itself.
You hit the worm but do no damage.
Your weapon exudes an aura of protection.
The worm bites you!
You die...

.........'................>#
..######..oo......#####....#
..# #....#####o# ...# ..#
##..## #o# ..# ..# #.#.P#
#.# .# ..# ##PP)# ###.# #
..# ##.## #.#.# #.### ##.#
#.#.# #...# #)## #w@.# #...#
##.# ##h.# #...# #.## .....
#...# #+# #......# #.### )).
#......# #.# #.).# #......#
..# #)..# #......# ### #####
#....... #####


You could see a worm (ally target), an orc priest, an orc and a friendly hound
(summoned).

Vanquished Creatures
  2 worms
  2 bats
  3 endoplasms
  2 goblins
  A hobgoblin (D:1)
  A kobold (D:1)
  2 ball pythons
  A frilled lizard (D:2)
  2 rats
16 creatures vanquished.

Vanquished Creatures (collateral kills)
  2 adders (D:2)
  A worm (D:2)
  A bat (D:1)
  An endoplasm (D:1)
  A giant cockroach (D:1)
  A goblin (D:1)
  2 hobgoblins (D:1)
  6 jackals (D:1)
  3 quokkas (D:1)
  5 ball pythons (D:1)
  2 frilled lizards (D:1)
  5 kobolds (D:1)
30 creatures vanquished.

Vanquished Creatures (others)
  2 fungi (D:3)
2 creatures vanquished.

Grand Total: 48 creatures vanquished

Notes
Turn   | Place    | Note
-------+----------+-------------------------------------------
     0 | D:1      | Arcadio the Tengu Summoner began the quest for the Orb.
     0 | D:1      | Reached XP level 1. HP: 10/10 MP: 4/4
   284 | D:1      | Reached skill level 5 in Summonings
   284 | D:1      | Reached XP level 2. HP: 9/15 MP: 1/6
   287 | D:1      | Learned a level 2 spell: Call Imp
   658 | D:1      | Reached XP level 3. HP: 14/19 MP: 0/7
  1250 | D:1      | Found a faded altar of an unknown god.
  1768 | D:2      | Learned a level 3 spell: Call Canine Familiar
  1778 | D:2      | Reached XP level 4. HP: 24/24 MP: 7/9
  1812 | D:2      | You fall into a shaft and drop 1 floor!
  1998 | D:3      | Found a runed translucent door.
  1999 | D:3      | Noticed Crazy Yiuf
  2066 | D:3      | HP: 1/24 [orc priest/divine providence (11)]
  2098 | D:3      | Mangled by a worm

Illustrated notes

Levels and vault maps discovered:
D:1:      psy_arrival_heroes, layout_basic, shapermc_ecumenical_altar_petra,
          minmay_pentomino_w4
D:2:      layout_loops_ring, basic_altar, minmay_split_cup_large
D:3:      layout_basic, gammafunk_ghost_cemetery, uniq_terence,
          uniq_crazy_yiuf_cottage

Skill      XL: |  1  2  3 |
---------------+----------+-----
Summonings     | 5 |  5.6
Dodging        | 3 |  3.3
Stealth        | |  2.0
Spellcasting   | |  2.8

Action                   |  1- 3 |  4- 6 || total
-------------------------+-------+-------++-------
Melee: Unarmed           |     5 |       ||     5
       Kick              |     7 |       ||     7
       Whip              |    42 |       ||    42
       Peck              |     5 |     1 ||     6
       Trident           |       |     9 ||     9
 Cast: Summon Small Mamm |    10 |       ||    10
       Call Imp          |    20 |     3 ||    23
       Call Canine Famil |       |     2 ||     2
  Use: Scroll            |     3 |       ||     3
 Stab: Sleeping          |     3 |     2 ||     5
Armor: Robe              |    16 |       ||    16
Dodge: Dodged            |    50 |     2 ||    52
